Map: Winter's Gate LE

Players

ShoWTimE

  • Race: Protoss Protoss
  • Spawn Location: 11:00

soO - Winner!

  • Race: Zerg Zerg
  • Spawn Location: 5:00

Event: 2019 WCS Global FInals

VOD

Have the link to the VOD?

Description

Time

  • Played on: Oct. 24, 2019, 6:14 a.m.
  • Length: 11:11

All games in this series

Show
View Real Time Build Order
Export as new Build Order

ShoWTimE Protoss 

Build Orders: Archon Immortal 

Get SALT Encoding   

  12  0:00  Probe  
  13  0:12  Probe  
  14  0:18  Pylon  
  14  0:24  Probe (Chrono Boost)  
  15  0:36  Probe (Chrono Boost)  
  15  0:38  Gateway  
  16  0:45  Probe (Chrono Boost)  
  16  0:47  Assimilator  
  17  0:51  Probe  
  18  1:03  Probe  
  19  1:15  Probe  
  20  1:23  Forge  
  20  1:24  Zealot (Chrono Boost)  
  20  1:27  Cybernetics Core  
  22  1:43  Pylon  
  22  1:45  Pylon  
  22  1:47  Pylon  
  22  2:02  Photon Cannon  
  22  2:05  Photon Cannon  
  22  2:10  Adept (Chrono Boost)  
  24  2:16  Probe  
  25  2:31  Probe  
  26  2:48  Nexus  
  26  2:51  Probe  
  26  2:56  Warp Gate  
  27  3:00  Assimilator  
  27  3:03  Probe  
  27  3:22  Stalker  
  27  3:25  Stargate, Probe  
  30  3:30  Pylon  
  30  3:38  Probe  
  31  3:50  Probe  
  31  3:51  Gateway  
  32  4:01  Probe (Chrono Boost)  
  32  4:02  Probe (Chrono Boost)  
  34  4:07  Oracle (Chrono Boost)  
  38  4:11  Probe x2 (Chrono Boost)  
  38  4:16  Probe x2 (Chrono Boost)  
  37  4:23  Gateway  
  39  4:28  Probe x2  
  41  4:32  Pylon  
  41  4:40  Oracle (Chrono Boost), Probe x2  
  46  4:51  Pylon  
  46  4:52  Probe x2  
  48  4:54  Adept  
  48  4:56  Adept  
  52  5:04  Assimilator, Probe x2  
  52  5:07  Assimilator  
  54  5:16  Phoenix (Chrono Boost), Probe  
  54  5:19  Probe  
  54  5:20  Pylon  
  58  5:25  Adept  
  58  5:26  Adept  
  62  5:35  Pylon  
  62  5:38  Probe  
  63  5:42  Adept  
  63  5:46  Adept  
  63  5:47  Probe, Robotics Facility  
  68  5:50  Probe  
  68  5:53  Adept  
  71  6:03  Probe x2  
  73  6:06  Adept  
  73  6:07  Pylon  
  75  6:15  Sentry  
  75  6:16  Nexus  
  77  6:22  Pylon, Probe  
  78  6:27  Sentry x2  
  78  6:28  Probe  
  83  6:34  Probe  
  84  6:40  Probe  
  84  6:46  Probe  
  86  6:49  Shield Battery  
  86  6:50  Observer  
  86  6:52  Probe  
  88  6:55  Protoss Ground Weapons Level 1  
  88  6:57  Twilight Council  
  88  6:58  Probe  
  89  7:02  Pylon  
  89  7:03  Zealot  
  89  7:04  Zealot  
  89  7:05  Probe  
  94  7:20  Immortal (Chrono Boost), Probe x2  
  98  7:29  Gateway  
  96  7:30  Gateway  
  96  7:32  Probe x2  
  96  7:33  Gateway  
  96  7:36  Shield Battery  
  98  7:37  Shield Battery  
  98  7:40  Shield Battery  
  98  7:41  Stalker  
  98  7:43  Stalker  
  98  7:44  Probe x2  
  104  7:45  Stalker  
  104  7:51  Immortal (Chrono Boost)  
  106  7:57  Shield Battery x2  
  110  8:00  Charge (Chrono Boost)  
  110  8:06  Templar Archives  
  110  8:08  Probe  
  110  8:09  Probe x2  
  110  8:12  Assimilator  
  113  8:14  Assimilator  
  113  8:17  Shield Battery  
  113  8:18  Zealot  
  115  8:20  Probe  
  115  8:24  Probe  
  115  8:25  Warp Prism (Chrono Boost), Zealot  
  117  8:30  Zealot  
  117  8:32  Zealot  
  117  8:39  Pylon  
  117  8:40  Pylon  
  117  8:54  Gateway  
  117  8:57  Immortal, Gateway, High Templar x2  
  117  8:58  High Templar  
  117  8:59  High Templar x3  
  133  9:04  Archon x3  
  117  9:25  Pylon  
  117  9:30  High Templar  
  117  9:31  Zealot x2, High Templar  
  119  9:35  Archon  
  119  9:36  Immortal  
  125  9:38  Pylon  
  125  9:45  Zealot x2  
  129  9:56  Zealot x3  
  127  10:03  Zealot x3  
  127  10:05  Zealot x2  
  109  10:15  Immortal  
  109  10:16  Zealot x2  
  109  10:26  High Templar x4  
  109  10:27  Zealot x2  
  119  10:30  Archon x2  
  107  10:49  Pylon, Zealot x4  
Show
View Real Time Build Order
Export as new Build Order

soO Zerg - Winner!

Build Orders: 3 Hatch before Pool, Swarm Host 

Get SALT Encoding   

  12  0:00  Drone  
  13  0:12  Overlord  
  13  0:16  Drone  
  14  0:30  Drone x2  
  14  0:34  Drone  
  17  0:51  Hatchery  
  17  0:54  Drone  
  17  1:15  Hatchery  
  17  1:18  Drone  
  17  1:21  Drone  
  18  1:32  Extractor  
  17  1:36  Spawning Pool  
  17  1:39  Drone  
  17  1:43  Drone  
  18  1:48  Drone  
  18  1:53  Drone  
  20  2:15  Hatchery  
  19  2:18  Drone  
  19  2:22  Overlord  
  21  2:24  Queen  
  21  2:27  Zergling x2, Queen  
  26  2:35  Spine Crawler  
  25  2:40  Metabolic Boost  
  25  2:46  Zergling x2, Spine Crawler  
  26  2:54  Extractor  
  26  2:56  Drone x2  
  27  3:08  Drone  
  28  3:14  Drone  
  28  3:15  Drone  
  28  3:16  Overlord  
  30  3:22  Spore Crawler  
  30  3:30  Drone, Queen  
  30  3:32  Drone x2  
  30  3:33  Drone  
  36  3:36  Drone  
  37  3:43  Extractor  
  37  3:44  Extractor  
  34  3:52  Zergling x4  
  34  3:53  Drone  
  37  3:59  Drone x2  
  39  4:07  Drone x2  
  41  4:13  Drone  
  41  4:15  Drone  
  43  4:20  Overlord  
  43  4:25  Spore Crawler  
  42  4:35  Hatchery  
  42  4:36  Drone  
  42  4:43  Drone x3  
  42  4:44  Drone x2  
  47  4:52  Drone x2  
  49  4:53  Drone x2  
  51  5:05  Spore Crawler, Overlord, Queen  
  52  5:12  Overlord  
  52  5:13  Overlord  
  52  5:15  Overlord  
  52  5:19  Overlord  
  52  5:24  Drone  
  52  5:25  Drone x3  
  56  5:29  Lair  
  56  5:30  Drone  
  56  5:31  Extractor  
  56  5:40  Zergling x4  
  56  5:41  Zergling x8  
  60  5:43  Overlord  
  60  5:48  Drone  
  61  5:53  Drone  
  62  5:57  Overlord  
  62  6:04  Drone x2  
  62  6:05  Drone x3  
  66  6:11  Drone x2  
  66  6:12  Drone  
  66  6:14  Drone  
  66  6:15  Drone x2  
  72  6:20  Drone x2  
  72  6:22  Extractor  
  72  6:23  Spore Crawler, Extractor, Queen  
  72  6:25  Drone x3  
  76  6:28  Zergling x2  
  77  6:34  Zergling x4  
  72  6:42  Drone x5  
  72  6:44  Infestation Pit  
  75  6:48  Drone x2  
  75  6:51  Drone  
  78  6:55  Overlord  
  78  7:00  Nydus Network  
  77  7:07  Zergling x14  
  84  7:15  Roach Warren  
  81  7:28  Swarm Host x8  
  81  7:29  Swarm Host x2  
  110  7:34  Drone  
  112  7:37  Drone, Extractor  
  112  7:43  Nydus Canal  
  109  7:52  Swarm Host  
  109  7:54  Overlord x2  
  109  7:56  Overlord  
  109  7:57  Overlord  
  109  7:58  Overlord  
  112  8:02  Glial Reconstitution  
  112  8:03  Overlord  
  112  8:05  Overlord, Nydus Canal  
  112  8:11  Overlord  
  112  8:14  Roach  
  112  8:15  Overlord, Roach x5  
  124  8:26  Roach x3  
  125  8:28  Roach x4, Swarm Host  
  129  8:35  Swarm Host  
  129  8:36  Swarm Host  
  135  8:43  Swarm Host x3  
  135  8:46  Roach  
  135  8:47  Ravager x2  
  148  8:48  Roach  
  148  8:53  Ravager  
  151  8:59  Ravager  
  151  9:00  Ravager  
  153  9:04  Roach x2, Zergling x4  
  159  9:11  Roach  
  159  9:13  Roach x3, Zergling x4  
  159  9:14  Zergling x4, Roach  
  159  9:15  Roach  
  175  9:20  Overlord  
  175  9:21  Overlord  
  175  9:23  Nydus Canal  
  175  9:27  Roach  
  175  9:32  Overlord, Roach  
  175  9:33  Overseer  
  177  9:44  Ravager x3  
  177  9:45  Ravager, Roach  
  183  9:46  Roach x3  
  183  9:49  Roach  
  189  9:54  Roach x2, Zergling x2  
  189  9:59  Roach  
  190  10:00  Roach  
  190  10:02  Roach  
  190  10:03  Zergling x4  
  193  10:08  Roach x3  
  193  10:12  Roach x2  
  195  10:14  Roach  
  195  10:16  Roach  
  188  10:22  Roach  
  188  10:23  Roach  
  188  10:25  Roach  
  188  10:26  Drone  
  188  10:28  Ravager x2  
  197  10:32  Roach  
  197  10:44  Roach  
  197  10:45  Roach x2  
  194  10:50  Roach  
Tags
 
Add a new tag
Caveats
  • Supply blocks, unpowered buildings, or Contaminate may cause inaccurate times.
  • Supply counts are checked every 10 seconds.